cohdb
Replays
Latest Replays
All Replays
Popular Replays
Top Player Replays
Match Explorer
How It Works
Community
CoH3 Stats
Reddit
Sign in to upload your games and track your stats! →
Sign in with Steam
Match 42475882
Unlisted
Match 42475882
Overview
Messages
Build Orders
End
Vickers Machine Gun Team
Construct Section Command Post
Selects Canadian Shock Battlegroup
Selects Canadian Shock Battlegroup
Infantry Section
Infantry Section
Dingo Light Scout Car
Construct Platoon Command Post
Selects Attacking Spirit
Selects Canadian Shock Section
CMP 15cwt Truck
Canadian Shock Section
Grenade Package
Selects Incendiary Munitions
6-pounder Anti-tank Gun Team
Selects Pyrotechnics
Canadian Shock Section
Humber Armored Car
Royal Engineer Section
Selects Demolition Engineering
Demolition Engineering
Selects Point Assault
VENDETTA
Brother
0
0
Comments
sign in to comment!
No comments posted yet!